 Dungeon Crawl Stone Soup version 0.30.1-9-gdf580d7c3d (webtiles) character file.

Game seed: 1351744105682478678

498 lonewolfV2 the Ducker (level 6, -21/47 HPs)
             Began as a Demonspawn Fighter on Oct 25, 2023.
             Demolished by a two-headed ogre
             ... wielding a +0 giant club
              (23 damage)
             ... on level 4 of the Dungeon.
             The game lasted 00:08:23 (2910 turns).

lonewolfV2 the Ducker (Demonspawn Fighter)          Turns: 2910, Time: 00:08:24

Health: -21/47     AC:  9    Str: 23    XL:     6   Next: 94%
Magic:  6/6        EV: 16    Int:  8    God:
Gold:   215        SH:  5    Dex: 11    Spells: 5/5 levels left

rFire   . . .        a - +0 war axe
rCold   . . .        c - +1 buckler
rNeg    . . .        b - +0 scale mail
rPois   .            (helmet restricted)
rElec   .            (no cloak)
rCorr   .            (no gloves)
SInv    .            (no boots)
Will    .....        (no amulet) Stlth
                     (no ring)
HPRegen 0.27/turn    (no ring)
MPRegen 0.10/turn

%: random rage (3%)
@: mighty, agile, on berserk cooldown, slowed, very slow
A: thin metallic scales 1, powered by pain 2, weakness stinger 1, antennae 1,
berserk 1, mutation resistance 1, strong 1
a: no special abilities


You were on level 4 of the Dungeon.
You visited 1 branch of the dungeon, and saw 4 of its levels.

You collected 215 gold pieces.

Inventory:

Hand Weapons
 a - a +0 war axe (weapon)
Armour
 b - a +0 scale mail (worn)
 c - a +1 buckler (worn)
Jewellery
 d - a ring of flight
Scrolls
 e - a scroll of noise
 f - a scroll of fear {unknown}
 g - a scroll of amnesia {unknown}
Potions
 h - a potion of brilliance
 j - 2 potions of resistance
 k - a potion of haste {unknown}
 m - 2 potions of degeneration {unknown}
 r - a potion of curing {unknown}


   Skills:
 - Level 3.0 Fighting
 - Level 1.7 Axes
 + Level 4.3 Armour
 * Level 4.5 Dodging
 + Level 4.2 Shields


You had 5 spell levels left.
You didn't know any spells.
Your spell library contained the following spells:

 Spells                   Type           Power      Damage    Failure   Level
 Portal Projectile        Hex/Tloc       0%         N/A       98%         3
 Tukima's Dance           Hex            0%         N/A       98%         3
 Blade Hands              Tmut           0%         N/A       100%        5


Dungeon Overview and Level Annotations

Branches:
Dungeon (4/15)
 Temple: D:4-7

Altars:


Innate Abilities, Weirdness & Mutations

You are partially covered in thin metallic scales. (AC +2)
You sometimes gain power by taking damage.
You have a small tail.
You have a pair of small antennae on your head.
You sometimes lose your temper in combat.
You are somewhat resistant to further mutation.
Your muscles are strong. (Str +4, Int/Dex -1)


Message History

You slash the adder!
You kill the adder!
You see here an adder corpse.
Found a dagger.
You feel a strong urge to attack something.
You are no longer berserk.
You are exhausted.
You feel yourself slow down.
You start resting.
A two-headed ogre comes into view. It is wielding two +0 giant clubs.
A two-headed ogre is nearby!
A two-headed ogre is nearby!
The two-headed ogre shouts in stereo!
Things that are here:
a +0 dagger; a hound corpse
Things that are here:
a +0 dagger; a hound corpse You hit the two-headed ogre.
The two-headed ogre is lightly wounded.
The two-headed ogre hits you with a +0 giant club.
The two-headed ogre completely misses you.
You hit the two-headed ogre but do no damage.
The two-headed ogre is lightly wounded.
You block the two-headed ogre's attack.
The two-headed ogre completely misses you.
The two-headed ogre hits you with a +0 giant club!
You focus on the pain.
You feel very mighty all of a sudden.
The two-headed ogre hits you with a +0 giant club!
* * * LOW HITPOINT WARNING * * *
Aiming: Fastroot
Press: ? - help, Q - select action Shift-Dir - straight line The roots erupt in riotous growth!
Roots grab the two-headed ogre.
The now-empty wand crumbles to dust.
The grasping roots constrict the two-headed ogre!
You hear a shout! x2
You block the two-headed ogre's attack.
The two-headed ogre hits you with a +0 giant club!!
You die...

#.....# +.....#
#.....# #.....#
#.....# #.....#
####+#.....######
........†..)....#
#####
.........O@.....#
#....
).....#####.....#
#.... ......
#.....# #....
..... #.....#
#.... .....
#.....#######....
....
#................
....
#................
#................
#................


You could see a two-headed ogre (rooted).

Vanquished Creatures
  Sigmund (D:2)
  Edmund (D:4)
  A hound (D:4)
  Ijyb (D:3)
  Terence (D:2)
  2 adders
  3 worms
  4 dart slugs
  9 orcs (D:3)
  5 bats (D:1)
  8 endoplasms
  2 giant cockroaches
  6 goblins
  5 hobgoblins
  18 jackals
  2 quokkas (D:1)
  4 ball pythons
  2 frilled lizards (D:1)
  8 kobolds
  3 rats
86 creatures vanquished.

Notes
Turn   | Place    | Note
-------+----------+-------------------------------------------
     0 | D:1      | lonewolfV2 the Demonspawn Fighter began the quest for the
                  | Orb.
     0 | D:1      | Reached XP level 1. HP: 18/18 MP: 1/1
   133 | D:1      | Reached skill level 1 in Dodging
   133 | D:1      | Gained mutation: You sometimes gain a little power by
                  | taking damage. [demonic ancestry]
   133 | D:1      | Reached XP level 2. HP: 24/24 MP: 2/2
   283 | D:1      | Reached XP level 3. HP: 16/29 MP: 3/3
   382 | D:1      | Found a faded altar of an unknown god.
   830 | D:2      | Noticed Sigmund
   848 | D:2      | Killed Sigmund
   849 | D:2      | Gained mutation: You are partially covered in thin metallic
                  | scales. (AC +2) [demonic ancestry]
   849 | D:2      | Reached XP level 4. HP: 22/35 MP: 4/4
   849 | D:2      | Gained mutation: You sometimes gain power by taking damage.
                  | [demonic ancestry]
   849 | D:2      | Reached XP level 5. HP: 26/41 MP: 5/5
  1287 | D:2      | Noticed Terence
  1305 | D:2      | Killed Terence
  1563 | D:2      | Gained mutation: You have a small tail. [demonic ancestry]
  1563 | D:2      | Reached XP level 6. HP: 45/47 MP: 6/6
  2162 | D:3      | Noticed Ijyb
  2192 | D:3      | Killed Ijyb
  2711 | D:3      | Gained mutation: You occasionally shout uncontrollably at
                  | your foes. [potion of mutation]
  2711 | D:3      | Gained mutation: Your flesh is heat resistant. (rF+)
                  | [potion of mutation]
  2711 | D:3      | Gained mutation: You are frail. (-10% HP) [potion of
                  | mutation]
  2712 | D:3      | Lost mutation: You occasionally shout uncontrollably at
                  | your foes. [potion of mutation]
  2712 | D:3      | Lost mutation: Your flesh is heat resistant. (rF+) [potion
                  | of mutation]
  2712 | D:3      | Gained mutation: You are occasionally teleported next to
                  | monsters. [potion of mutation]
  2712 | D:3      | Gained mutation: You have supernaturally acute eyesight.
                  | (SInv) [potion of mutation]
  2713 | D:3      | Lost mutation: You are occasionally teleported next to
                  | monsters. [potion of mutation]
  2713 | D:3      | Lost mutation: You have supernaturally acute eyesight.
                  | (SInv) [potion of mutation]
  2713 | D:3      | Gained mutation: You are somewhat resistant to further
                  | mutation. [potion of mutation]
  2713 | D:3      | Gained mutation: Your muscles are strong. (Str +4, Int/Dex
                  | -1) [potion of mutation]
  2714 | D:3      | Lost mutation: You are somewhat resistant to further
                  | mutation. [potion of mutation]
  2714 | D:3      | Lost mutation: Your muscles are strong. (Str +4, Int/Dex
                  | -1) [potion of mutation]
  2714 | D:3      | Lost mutation: You are frail. (-10% HP) [potion of
                  | mutation]
  2714 | D:3      | Gained mutation: You sometimes lose your temper in combat.
                  | [potion of mutation]
  2714 | D:3      | Gained mutation: You have a pair of small antennae on your
                  | head. [potion of mutation]
  2714 | D:3      | Gained mutation: Your muscles are strong. (Str +4, Int/Dex
                  | -1) [potion of mutation]
  2714 | D:3      | Gained mutation: You are somewhat resistant to further
                  | mutation. [potion of mutation]
  2876 | D:4      | Noticed Edmund
  2893 | D:4      | Killed Edmund
  2901 | D:4      | Noticed a two-headed ogre
  2909 | D:4      | HP: 2/47 [two-headed ogre/+0 giant club (14)]
  2910 | D:4      | Demolished by a two-headed ogre

Illustrated notes

Levels and vault maps discovered:
D:1:      ebering_trefoil_3fold, layout_loops_cross, basic_ecumenical_altar
D:2:      layout_loops_ring, uniq_terence, uniq_sigmund
D:3:      layout_loops_ring, grunt_ministairs_1, uniq_ijyb
D:4:      layout_gridville, uniq_menkaure, uniq_robin, uniq_edmund

Skill      XL: |  1  2  3  4  5  6 |
---------------+-------------------+-----
Dodging        | 1 3 4 |  4.5
Shields        | 3 4 |  4.2
Armour         | 3 4 |  4.3
Fighting       | |  3.0
Axes           | |  1.7

Action                     |  1- 3 |  4- 6 || total
---------------------------+-------+-------++-------
  Melee: War axe           |   102 |   160 ||   262
         Tailslap          |       |    13 ||    13
  Evoke: Wand              |       |     1 ||     1
    Use: Scroll            |     4 |     7 ||    11
         Potion            |     1 |     7 ||     8
 Armour: Scale mail        |    66 |    56 ||   122
  Dodge: Dodged            |    64 |    93 ||   157
  Block: Buckler           |    22 |    39 ||    61
